 Dungeon Crawl Stone Soup version 0.14-a0-2327-g5ff15cf (webtiles) character file.

469 M4edhros the Vandal (level 6, -1/38 HPs)
             Began as an Octopode Hunter on Jan 29, 2014.
             Slain by Edmund
             ... wielding a +2,+1 flail of crushing
              (2 damage)
             ... while paralysed by a potion of paralysis
             ... on Level 4 of the Dungeon.
             The game lasted 00:02:14 (1284 turns).

M4edhros the Vandal (Octopode Hunter)               Turns: 1284, Time: 00:02:16

HP  -1/38        AC  1     Str 17      XL: 6   Next: 67%
MP   6/6         EV  2     Int 13      God:
Gold 105         SH  0     Dex 14      Spells:  0 memorised,  5 levels left

rFire  . . .     SeeInvis .     e - +0 spear
rCold  . . .     Clarity  .     (no shield)
rNeg   . . .     Conserve .     (helmet restricted)
rPois  .         rCorr    .     (no amulet)
rElec  .         rRot     .     (no ring)
SustAb . .       Spirit   .     (no ring)
rMut   .         Warding  .     (no ring)
Saprov . . .     Stasis   .     (no ring)
MR     .....                    (no ring)
                                (no ring)
                                (no ring)
                                (no ring)

@: paralysed, mighty, not resistant to hostile enchantments, stealthy
A: almost no armour, amphibious, 8 rings, constrict 8, camouflage 1, gelatinous
body 1
a: no special abilities


You were on level 4 of the Dungeon.
You were not hungry.

You visited 1 branch of the dungeon, and saw 4 of its levels.

You collected 105 gold pieces.

Inventory:

Hand weapons
 a - a +0,+0 short sword
 b - a +1,+1 sling
 e - a +0,+0 spear (weapon)
Missiles
 c - 13 sling bullets
 i - 49 stones (quivered)
Comestibles
 f - 3 bread rations
Scrolls
 d - a scroll of recharging {unknown}
 g - a scroll of curse jewellery {unknown}
 h - 4 scrolls of identify {unknown}
 j - 3 scrolls of enchant weapon I {unknown}
 m - a scroll of teleportation {unknown}
Potions
 k - a potion of curing
 l - a potion of might


   Skills:
 - Level 1.0 Fighting
 + Level 7.8 Slings
 - Level 2.0 Dodging
 - Level 1.3 Stealth


You had 5 spell levels left.
You didn't know any spells.

Dungeon Overview and Level Annotations

Branches:
Dungeon (4/16)             Temple (0/1) D:4

Altars:

Annotations:
D:4 Edmund


Innate Abilities, Weirdness & Mutations

You cannot wear most types of armour.
You are amphibious.
You can wear up to eight rings at the same time.
You can use your tentacles to constrict many enemies at once.
Your skin changes colour to match your surroundings (Stlth).
Your rubbery body absorbs attacks (AC +1).


Message History

It was a potion of might.
Edmund hits you with a runed flail. The orc barely misses you.
You hit Edmund. You grab Edmund. You squeeze Edmund!
Edmund is moderately wounded.
You constrict Edmund. Edmund hits you with a runed flail.
The orc closely misses you.
You hit Edmund but do no damage.
Edmund is moderately wounded.
You constrict Edmund. The rat barely misses you.
Edmund says, "You wouldn't believe how much I paid for this flail."
Edmund hits you with a runed flail!
The orc hits you from afar with a glowing orcish trident.
Drink which item? (? for menu, Esc to quit)
You suddenly lose the ability to move!
You lose your grip on Edmund.
It was a potion of paralysis.
The rat bites you but does no damage.
The orc hits you from afar with a glowing orcish trident!
* * * LOW HITPOINT WARNING * * *
Edmund hits you with a runed flail.
* * * LOW HITPOINT WARNING * * *
You die...

##.........#.#
..⌠..>..⌠.#.#
....... #.# #...#
#.# #.⌠.# #.#
#...####.#
..####..##.##.#
.o..<....o@.##.####
#.#####.##@>....)#
#..r.##.##.#
####.##.##.##
#........#
#..#.##..#
###..#.##..#
#..........#
####.##............#
#.....#..###..##..#.


You could see Edmund, an orc and a rat.

Vanquished Creatures
  Prince Ribbit (D:4)
  A phantom (D:4)
  A hound (D:4)
  A gnoll (D:1)
  A giant mite (D:1)
  A giant gecko (D:2)
  4 bats (D:1)
  5 giant cockroaches
  7 hobgoblins (D:1)
  3 kobolds
  A giant newt (D:1)
  2 goblins (D:1)
  4 rats
32 creatures vanquished.

Notes
Turn   | Place    | Note
--------------------------------------------------------------
     0 | D:1      | M4edhros, the Octopode Hunter, began the quest for the Orb.
     0 | D:1      | Reached XP level 1. HP: 13/13 MP: 1/1
     4 | D:1      | Reached XP level 2. HP: 18/18 MP: 2/2
   225 | D:1      | Reached XP level 3. HP: 23/23 MP: 3/3
   298 | D:1      | Reached skill level 5 in Slings
   936 | D:4      | Noticed a phantom
   937 | D:4      | Reached XP level 4. HP: 17/28 MP: 4/4
   956 | D:4      | Killed a phantom
   956 | D:4      | Reached skill level 6 in Slings
   956 | D:4      | Reached XP level 5. HP: 7/33 MP: 5/5
  1130 | D:4      | Noticed Prince Ribbit
  1201 | D:4      | Killed Prince Ribbit
  1201 | D:4      | Reached skill level 7 in Slings
  1201 | D:4      | Reached XP level 6. HP: 38/38 MP: 6/6
  1266 | D:4      | Found a staircase to the Ecumenical Temple.
  1267 | D:4      | Noticed Edmund
  1284 | D:4      | Paralysed by a potion of paralysis for 6 turns
  1284 | D:4      | HP: 1/38 [Edmund/runed flail (5)]
  1284 | D:4      | Slain by Edmund

Action                   |  1- 3 |  4- 6 || total
-------------------------+-------+-------++-------
Melee: Short sword       |    13 |       ||    13
       Spear             |    53 |     7 ||    60
 Fire: Sling             |     4 |    31 ||    35
  Use: Potion            |       |     3 ||     3
 Stab: Sleeping          |     7 |       ||     7
       Distracted        |     1 |       ||     1
